AoeStats
← rafaelarpad

Arena

508649812Analyzed
2v2 RM · 8d ago on Sep 23, 2026· 79m 34s· 4 players
Game mode
Random Map
Map size
Medium (4 player)
Population
200
Speed
Normal
Resources
Standard
Victory
Conquest
Starting age
Dark Age
Ending age
Imperial Age
RankedLock teamsTeams togetherTeam positionsShared explorationLock speedFull tech treeHidden civsTurbo modeCheats
Victory
Defeat
🇻🇳 Japanese · Vietnam
1102
+15
🇨🇳 Spanish · China
1094
+16
🇪🇸 Franks · Spain
1089
-16
🇨🇭 Byzantines · Switzerland
1086
-15
rafaelarpad
11:21 Feudal Age
15:28 Castle Age
14:07 Double-Bit Axe
14:20 Gold Mining
14:44 Horse Collar
16:08 Loom
17:19 Scale Mail Armor
18:25 Squires
19:44 Fervor
21:47 Sanctity
22:17 Wheelbarrow
23:16 Squires
25:13 Scale Barding Armor
26:32 Chain Barding Armor
35:26 Forging
37:00 Husbandry
40:53 Hand Cart
42:03 Fletching
45:07 Stone Mining
58:19 Fortified Wall
61:12 Caravan
66:06 Imperial Age
66:51 Iron Casting
68:09 Plate Barding Armor
73:09 Logistica
74:52 Heavy Camel Rider
75:47 Elite Cataphract
Lord Pelladas
9:56 Feudal Age
10:24 Double-Bit Axe
12:39 Loom
16:23 Castle Age
17:26 Bow Saw
20:05 Wheelbarrow
21:21 Stone Mining
24:19 Hand Cart
26:57 Scale Barding Armor
27:06 Forging
29:00 Chain Barding Armor
29:47 Iron Casting
35:25 Imperial Age
32:59 Gold Mining
34:17 Husbandry
34:03 Light Cavalry
36:36 Cavalier
37:01 Heavy Scorpion
38:05 Paladin
41:38 Conscription
63:49 Plate Barding Armor
65:05 Blast Furnace
65:55 Fletching
菜鸟蛋小黄
11:55 Feudal Age
15:38 Castle Age
14:26 Double-Bit Axe
16:18 Gold Mining
17:31 Loom
18:49 Bow Saw
18:39 Horse Collar
19:17 Stone Mining
25:19 Padded Archer Armor
28:39 Wheelbarrow
29:56 Leather Archer Armor
31:20 Stone Shaft Mining
39:29 Imperial Age
38:12 Bloodlines
38:03 Husbandry
38:25 Hand Cart
38:01 Pikeman
38:42 Scale Mail Armor
38:53 Forging
45:25 Elite Conquistador
48:18 Cavalier
51:23 Light Cavalry
51:57 Paladin
59:48 Halberdier
61:05 Iron Casting
60:46 Chain Mail Armor
65:19 Hussar
67:13 Blast Furnace
66:44 Plate Mail Armor
66:20 Scale Barding Armor
Bobgao2008
10:43 Feudal Age
14:48 Castle Age
12:40 Double-Bit Axe
13:03 Horse Collar
14:28 Scale Mail Armor
14:39 Man-at-Arms
15:49 Long Swordsman
17:21 Gold Mining
19:25 Loom
20:34 Chain Mail Armor
25:39 Wheelbarrow
31:55 Imperial Age
29:34 Heavy Plow
30:11 Gold Shaft Mining
30:42 Forging
33:10 Iron Casting
31:58 Two-Handed Swordsman
32:25 Gambesons
33:27 Plate Mail Armor
32:55 Stone Mining
32:51 Champion
33:51 Bow Saw
33:53 Capped Ram
37:21 Blast Furnace
38:19 Hand Cart
37:51 Town Watch
38:32 Murder Holes
42:11 Squires
41:33 Pikeman
42:15 Halberdier
43:30 Conscription
44:48 Heavy Scorpion
60:13 Arson
70:10 Elite Skirmisher
76:20 Fletching
76:31 Padded Archer Armor
78:09 Bodkin Arrow
78:32 Leather Archer Armor
Connection lost

Rejoining the realm…

Still unreachable

The connection could not be restored.

Session expired

The server has moved on; the page needs a fresh start.